Map: Terrasses de Prion

Players

QzY

  • Race: Zerg Zerg
  • League: Diamond

Worming - Winner!

  • Race: Zerg Zerg
  • League: Diamond

VOD

Have the link to the VOD?

Description

Time

  • Played on: Dec. 17, 2015, 11:28 a.m.
  • Length: 5:20
Show
View Real Time Build Order
Export as new Build Order

QzY Zerg 

Build Orders: Pool First 

Get SALT Encoding   

  12  0:01  Drone  
  13  0:13  Drone  
  14  0:18  Extractor  
  13  0:27  Drone  
  14  0:33  Spawning Pool  
  13  0:37  Drone  
  14  0:47  Overlord  
  14  1:05  Drone x2  
  16  1:14  Drone  
  17  1:22  Metabolic Boost  
  17  1:24  Zergling x2  
  18  1:28  Queen  
  20  1:41  Zergling x4  
  22  1:48  Baneling Nest  
  22  1:53  Overlord  
  21  2:01  Zergling x2  
  22  2:14  Zergling x2  
  23  2:25  Zergling x2  
  24  2:40  Zergling x6  
  24  2:41  Overlord  
  27  2:49  Baneling  
  27  2:50  Baneling  
  27  2:51  Baneling x2  
  27  2:52  Zergling x2  
  28  3:03  Hatchery  
  25  3:24  Zergling x2  
  25  3:25  Zergling x8  
  24  3:33  Queen  
  25  3:35  Drone  
  26  3:50  Drone  
  20  4:24  Drone x3  
  20  4:30  Queen  
  25  4:37  Drone x3  
  28  4:56  Zergling x6  
  28  4:57  Zergling x2  
  31  5:03  Hatchery  
Show
View Real Time Build Order
Export as new Build Order

Worming Zerg - Winner!

Build Orders: Hatch First 

Get SALT Encoding   

  12  0:01  Drone  
  13  0:12  Overlord  
  13  0:17  Drone  
  14  0:30  Drone x2  
  14  0:34  Drone  
  17  0:52  Hatchery  
  17  0:55  Drone  
  17  0:59  Extractor  
  17  1:03  Drone  
  17  1:15  Spawning Pool  
  17  1:17  Drone  
  17  1:20  Drone  
  18  1:30  Drone  
  19  1:38  Drone  
  20  1:49  Overlord  
  20  2:00  Drone  
  21  2:03  Queen, Metabolic Boost  
  21  2:04  Queen  
  21  2:08  Zergling x2  
  26  2:15  Spine Crawler  
  25  2:18  Zergling x2  
  25  2:21  Zergling x2  
  27  2:28  Baneling Nest  
  26  2:33  Zergling x2  
  26  2:56  Zergling x8  
  26  2:57  Queen  
  31  3:09  Zergling x4  
  31  3:10  Overlord  
  28  3:23  Zergling x6  
  27  3:31  Drone  
  28  3:46  Baneling x3  
  28  3:48  Baneling  
  28  3:49  Baneling  
  28  3:55  Drone x4  
  28  4:26  Baneling x2  
  28  4:27  Zergling x2  
  28  4:28  Zergling x18  
  38  4:37  Zergling x2  
  38  4:38  Zergling x2  
Tags
 
Add a new tag
Caveats
  • Supply blocks, unpowered buildings, or Contaminate may cause inaccurate times.
  • Supply counts are checked every 10 seconds.